 Dungeon Crawl Stone Soup version 0.18.1-50-g88ac8fd (webtiles) character file.

65 magog001 the Shield-Bearer (level 3, -11/33 HPs)
             Began as a Minotaur Fighter on July 10, 2017.
             Was an Initiate of Nemelex Xobeh.
             Mangled by Crazy Yiuf
             ... wielding a +3 quarterstaff of chaos
              (17 damage)
             ... on level 2 of the Dungeon.
             The game lasted 00:07:11 (1109 turns).

magog001 the Shield-Bearer (Minotaur Fighter)       Turns: 1109, Time: 00:07:13

Health: -11/33     AC:  7    Str: 26    XL:     3   Next: 94%
Magic:  2/2        EV:  7    Int:  5    God:    Nemelex Xobeh [......]
Gold:   55         SH: 10    Dex:  9    Spells: 0 memorised, 2 levels left

rFire  . . .     SeeInvis .     a - +0 war axe
rCold  . . .     Gourm    .     b - +0 scale mail
rNeg   . . .     Faith    .     c - +0 shield
rPois  .         Spirit   .     (helmet restricted)
rElec  .         Dismiss  .     (no cloak)
rCorr  .         Reflect  .     (no gloves)
SustAt .         Harm     .     (no boots)
MR     .....                    (no amulet)
Stlth  ..........               (no ring)
                                (no ring)

@: mighty, very slightly contaminated, invisible, not resistant to hostile
enchantments, extremely unstealthy
A: retaliatory headbutt, horns 2
a: Renounce Religion


You were on level 2 of the Dungeon.
You worshipped Nemelex Xobeh.
Nemelex Xobeh was noncommittal.
You were hungry.

You visited 1 branch of the dungeon, and saw 2 of its levels.

You collected 55 gold pieces.

Inventory:

Hand Weapons
 a - a +0 war axe (weapon)
Missiles
 p - 12 sling bullets
 u - 3 silver tomahawks (quivered)
Armour
 b - a +0 scale mail (worn)
 c - a +0 shield (worn)
Jewellery
 t - a +5 ring of dexterity {unknown}
Scrolls
 e - a scroll of teleportation {unknown}
 h - a scroll of fear {unknown}
 i - a scroll of immolation {unknown}
 k - a scroll of identify {unknown}
 m - a scroll of noise {unknown}
 o - 2 scrolls of remove curse {unknown}
Potions
 j - a potion of curing
 l - a potion of flight {unknown}
 r - a potion of magic {unknown}
 s - a potion of mutation {unknown}
Miscellaneous
 n - a plain deck of summoning
 q - a plain deck of escape
Comestibles
 f - a bread ration
 g - 4 chunks of flesh


   Skills:
 * Level 4.2 Fighting
 * Level 3.2 Axes
 * Level 4.3 Armour
 * Level 4.4 Shields


You had 2 spell levels left.
You didn't know any spells.

Dungeon Overview and Level Annotations

Branches:
Dungeon (2/15)

Altars:
Fedhas
Nemelex Xobeh

Annotations:
D:2 Crazy Yiuf


Innate Abilities, Weirdness & Mutations

You reflexively headbutt those who attack you in melee.
You have a pair of horns on your head.


Message History

Crazy Yiuf is severely wounded.
You feel sick. Crazy Yiuf barely misses you.
Crazy Yiuf drinks a potion.
Crazy Yiuf is healed!
You slash Crazy Yiuf!
Crazy Yiuf is almost dead.
You feel sick.
Crazy Yiuf hits you with a quarterstaff of chaos!
* * * LOW HITPOINT WARNING * * *
Drink which item? (? for menu, Esc to quit)
You feel better. Crazy Yiuf hits you but does no damage.
You fade into invisibility!
You are very lightly contaminated with residual magic.
Drink which item? (? for menu, Esc to quit)
You feel very mighty all of a sudden.
Crazy Yiuf hits you with a quarterstaff of chaos.
* * * LOW HITPOINT WARNING * * *
You are electrocuted!
Ouch! That really hurt!
You die...
Your body disappears without a glow.

#....# #.#
♣.P..♣
#.####
♣♣PP.♣
#.÷..# ♣♣.♣♣
#####.# ♣♣.♣
#.....# ♣.♣♣
#.##### ♣♣.♣
####.#######
♣.♣♣
#..........#
#@#
####.#####..
#.g.# #...
### #...#
#..... #)..#
#.........#
#####
#.........#
#.<.......
###
#..)......#
#.#
#........
#.# #......#


You could see Crazy Yiuf.

Vanquished Creatures
  2 adders (D:2)
  2 oozes (D:2)
  A dart slug (D:1)
  2 giant geckos (D:1)
  2 ball pythons
  3 giant cockroaches
  4 goblins
  4 hobgoblins
  5 kobolds (D:1)
  3 bats (D:1)
  3 giant newts (D:1)
  3 rats
34 creatures vanquished.

Notes
Turn   | Place    | Note
--------------------------------------------------------------
     0 | D:1      | magog001 the Minotaur Fighter began the quest for the Orb.
     0 | D:1      | Reached XP level 1. HP: 19/19 MP: 0/0
   195 | D:1      | Reached XP level 2. HP: 21/27 MP: 1/1
   493 | D:1      | Found a sparkling altar of Nemelex Xobeh.
   505 | D:1      | Became a worshipper of Nemelex Xobeh the Trickster
   719 | D:1      | Reached XP level 3. HP: 33/33 MP: 2/2
   744 | D:1      | Received a gift from Nemelex Xobeh
  1077 | D:2      | Found a blossoming altar of Fedhas.
  1101 | D:2      | Noticed Crazy Yiuf
  1109 | D:2      | Mangled by Crazy Yiuf

Skill      XL: |  1  2  3 |
---------------+----------+-----
Armour         | 4 |  4.3
Shields        | 4 |  4.4
Fighting       | 4 |  4.2
Axes           | 3 |  3.2

Action                   || total
-------------------------++-------
Melee: War axe           ||    69
       Headbutt          ||    14
  Use: Potion            ||     2
Armor: Scale mail        ||    30
Dodge: Dodged            ||    19
Block: Shield            ||    34
